 Dungeon Crawl Stone Soup version 0.23.2-30-g0e89c35649 (webtiles) character file.

Game seed: 17987837844374515473

6167 Ivernyr the Skirmisher (level 10, -7/55 HPs)
             Began as a Vine Stalker Fighter on June 24, 2019.
             Was an Elder of Zin.
             Killed from afar by Harold (12 damage)
             ... with a harpoon shot
             ... on level 9 of the Dungeon.
             The game lasted 01:05:13 (9193 turns).

Ivernyr the Skirmisher (Vine Stalker Fighter)       Turns: 9193, Time: 01:05:14

Health: -7/55      AC:  7    Str: 21      XL:     10   Next: 90%
Magic:  0/15       EV: 11    Int: 10      God:    Zin [****..]
Gold:   426        SH: 12    Dex: 21 (22) Spells: 9/9 levels left

rFire    . . .     SeeInvis .   a - +0 long sword
rCold    . . .     Gourm    +   c - +0 shield
rNeg     . . .     Faith    .   b - +0 scale mail
rPois    ∞         Spirit   +   (no helmet)
rElec    .         Reflect  .   (no cloak)
rCorr    .         Harm     .   (no gloves)
MR       +....                  (no boots)
Stlth    ..........             m - amulet of the gourmand
HPRegen  0.58/turn              l - +1 ring of evasion
MPRegen  0.14/turn              z - +3 ring of dexterity

@: vitalised, marked, lightly drained
A: fangs 3, regeneration 1, magic shield, antimagic bite, no potion heal 3, rot
immunity
a: Recite, Vitalisation, Imprison, Donate Gold, Renounce Religion


You were on level 9 of the Dungeon.
You worshipped Zin.
Zin was greatly pleased with you.
You were very full.

You visited 2 branches of the dungeon, and saw 10 of its levels.

You collected 473 gold pieces.
You donated 47 gold pieces to Zin.

Inventory:

Hand Weapons
 a - a +0 long sword (weapon)
Armour
 b - a +0 scale mail (worn)
 c - a +0 shield (worn)
Jewellery
 l - a +1 ring of evasion (left hand)
 m - an amulet of the gourmand (around neck)
 t - an uncursed ring of protection from cold
 z - a +3 ring of dexterity (right hand)
Wands
 n - a wand of flame (8)
 x - a wand of acid (7)
Scrolls
 d - 4 scrolls of fog
 g - 2 scrolls of immolation
 h - 4 scrolls of enchant armour {unknown}
 i - 2 scrolls of amnesia
 j - 2 scrolls of magic mapping
 k - 5 scrolls of enchant weapon
 q - 2 scrolls of noise {unknown}
 r - 2 scrolls of blinking
 u - 2 scrolls of remove curse
 y - 2 scrolls of identify
 A - 2 scrolls of teleportation
 C - a scroll of brand weapon {unknown}
Potions
 e - 5 potions of curing {unknown}
 o - 2 potions of lignification {unknown}
 p - a potion of agility {unknown}
 s - 2 potions of brilliance {unknown}
 v - a potion of magic {unknown}
 w - a potion of mutation {unknown}
Comestibles
 f - 11 rations


   Skills:
 + Level 7.2(7.1) Fighting
 + Level 6.9(6.8) Long Blades
 + Level 6.5(6.4) Armour
 - Level 2.3(2.2) Dodging
 + Level 7.2(7.1) Shields
 + Level 6.2(6.0) Invocations


You had 9 spell levels left.
You didn't know any spells.
Your spell library contained the following spells:

 Spells                   Type           Power        Failure   Level  Hunger
 Bolt of Magma            Conj/Fire/Erth #.........   100%        5    ######.
 Iskenderun's Battlesphe  Conj/Chrm      #.......     100%        5    ######.
 Venom Bolt               Conj/Pois      #.........   100%        5    ######.
 Iron Shot                Conj/Erth      #.........   100%        6    #######
 Orb of Destruction       Conj           #.........   100%        7    #######
 Spellforged Servitor     Conj/Summ      #.........   100%        7    #######


Dungeon Overview and Level Annotations

Branches:
Dungeon (9/15)             Temple (1/1) D:4            Lair (0/6) D:8
    Orc: D:9-12

Altars:
Ashenzari
Cheibriados
Dithmenos
Elyvilon
Fedhas
Hepliaklqana
Kikubaaqudgha
Makhleb
Nemelex Xobeh
Okawaru
Qazlal
Ru
Trog
Vehumet
Wu Jian
Xom
Yredelemnul
Zin
The Shining One

Shops:
D:6 *   D:7 =   D:8 *

Annotations:
D:9 Harold


Innate Abilities, Weirdness & Mutations

You have razor-sharp teeth.
Your natural rate of healing is unusually fast.
When hurt, damage is shared between your health and your magic reserves.
Your bite disrupts and absorbs the magic of your enemies.
Potions cannot restore your health.
You are immune to rotting.


Message History

Harold hits you with a +2 dire flail of protection!!
You barely miss Harold. You bite Harold, but do no damage.
Harold is severely wounded.
Harold hits you with a +2 dire flail of protection!
* * * LOW HITPOINT WARNING * * *
Harold falters for a moment.
You are ready to recite again.
Harold says happily, "The price on your head will fill my nest egg nicely!"
Harold says, "Let's make it quick, okay?
I've got mouths to feed."
Harold points at you and mumbles some strange words.
The harpoon shot hits you!
* * * LOW HITPOINT WARNING * * *
You are yanked forward by the harpoon shot.
Harold points at you and mumbles some strange words.
The harpoon shot hits you!
* * * LOW HITPOINT WARNING * * *
You are yanked forward by the harpoon shot.
Harold points at you and mumbles some strange words.
The harpoon shot hits you!
You die...

#.# #.......#####.# ##.#
#..####.# .#
.#.#######..####.#### .#
....................# .#
....######..####.##.# .#
....#####......>....# .#
......(.....####@#### .#
............# #.#
....####>.#.# #@# ....#
#..#.####.#
....####..#....#.#####.#
..........#..#..#......#
###.####.###...#.#######
#.####..............#
#...)..........####.#
#########....#.####.#
###........##.#


You could see Harold.

Vanquished Creatures
  A komodo dragon (D:8)
  A troll (D:9)
  2 hippogriffs
  12 yaks
  A hungry ghost (D:7)
  An ice beast (D:7)
  An orc warrior (D:8)
  A black bear (D:3)
  A phantom (D:6)
  6 ogres
  A necrophage (D:5)
  4 centaurs
  6 bullfrogs
  A gnoll sergeant (D:5)
  3 wights (D:9)
  3 electric eels (D:8)
  4 howler monkeys
  A vampire bat (D:4)
  3 crimson imps
  2 bullfrog zombies (D:5)
  A quasit (D:9)
  A gnoll shaman (D:7)
  A centaur zombie (D:8)
  An orc priest (D:8)
  7 hounds
  A jelly (D:9)
  6 orc wizards
  A bullfrog skeleton (D:4)
  Terence (D:3)
  Natasha (thrice) (D:3)
  2 iguanas
  5 worker ants
  17 gnolls
  10 adders
  5 shadow imps
  2 oozes
  An adder skeleton (D:9)
  An adder zombie (D:7)
  4 worms
  2 dart slugs (D:1)
  3 leopard geckos
  12 orcs
  3 ball pythons
  2 bat skeletons (D:4)
  2 bat zombies (D:4)
  5 giant cockroaches
  7 goblins
  13 hobgoblins
  4 jackals
  6 kobolds
  9 quokkas
  3 bats
  3 frilled lizards (D:2)
  A giant cockroach zombie (D:8)
  A jackal skeleton (D:4)
  A jackal zombie (D:5)
  3 rats
205 creatures vanquished.

Vanquished Creatures (others)
  A plant (D:8)
1 creature vanquished.

Grand Total: 206 creatures vanquished

Notes
Turn   | Place    | Note
-------+----------+-------------------------------------------
     0 | D:1      | Ivernyr the Vine Stalker Fighter began the quest for the
                  | Orb.
     0 | D:1      | Reached XP level 1. HP: 11/11 MP: 2/2
   219 | D:1      | Reached XP level 2. HP: 16/16 MP: 3/3
   699 | D:1      | Reached XP level 3. HP: 14/19 MP: 2/4
   976 | D:2      | Found an iron altar of Okawaru.
  1351 | D:2      | Gained mutation: Your natural rate of healing is unusually
                  | fast. [Vine Stalker growth]
  1351 | D:2      | Reached XP level 4. HP: 23/24 MP: 3/5
  1796 | D:3      | Reached skill level 1 in Dodging
  1919 | D:3      | Noticed Terence
  1933 | D:3      | Killed Terence
  1933 | D:3      | Reached XP level 5. HP: 20/28 MP: 6/6
  2339 | D:3      | Noticed a black bear
  2369 | D:3      | Killed a black bear
  2369 | D:3      | Reached XP level 6. HP: 26/32 MP: 7/7
  2488 | D:3      | Noticed Natasha
  2508 | D:3      | Killed Natasha
  2577 | D:3      | Noticed Natasha
  2594 | D:3      | Killed Natasha
  2594 | D:3      | Reached XP level 7. HP: 24/37 MP: 5/8
  2675 | D:3      | Found a shadowy altar of Dithmenos.
  2688 | D:3      | Noticed Natasha
  2694 | D:3      | Killed Natasha
  2873 | D:3      | Found a shattered altar of Ashenzari.
  3166 | D:4      | Found a blossoming altar of Fedhas.
  3188 | D:4      | Found a staircase to the Ecumenical Temple.
  3199 | Temple   | Entered the Ecumenical Temple
  3250 | Temple   | Became a worshipper of Zin the Law-Giver
  3250 | Temple   | Reached * piety under Zin
  3458 | D:4      | Found a radiant altar of Vehumet.
  3468 | D:4      | Reached skill level 1 in Invocations
  3583 | D:4      | Found an ancient bone altar of Kikubaaqudgha.
  3751 | D:5      | Entered Level 5 of the Dungeon
  3826 | D:5      | Gained mutation: You have razor-sharp teeth. [Vine Stalker
                  | growth]
  3826 | D:5      | Reached XP level 8. HP: 31/42 MP: 10/10
  4321 | D:5      | Reached skill level 5 in Shields
  4357 | D:5      | Reached ** piety under Zin
  5021 | D:5      | Reached skill level 5 in Fighting
  5162 | D:6      | Reached *** piety under Zin
  5239 | D:6      | Found Leshruest's Assorted Antiques.
  5344 | D:6      | Reached XP level 9. HP: 47/47 MP: 12/12
  5394 | D:6      | Reached skill level 5 in Long Blades
  5930 | D:7      | Reached skill level 5 in Armour
  6024 | D:7      | Reached **** piety under Zin
  6372 | D:7      | Found Qyfrergh's Jewellery Shoppe.
  6455 | D:7      | Reached XP level 10. HP: 44/53 MP: 14/14
  6471 | D:7      | Reached skill level 5 in Invocations
  7221 | D:8      | Found Feol's Profane Products.
  7226 | D:8      | Found a burning altar of Makhleb.
  7434 | D:8      | Found a staircase to the Lair.
  8334 | D:9      | Found a shimmering altar of Xom.
  8805 | D:9      | Noticed a two-headed ogre
  9152 | D:9      | Noticed Harold
  9193 | D:9      | Killed from afar by Harold

Skill      XL: |  1  2  3  4  5  6  7  8  9 10 |
---------------+-------------------------------+-----
Long Blades    | 2 3 4 6 |  6.9
Fighting       | 3 4 5 6 7 |  7.2
Shields        | 3 4 5 6 7 |  7.2
Dodging        | 1 2 |  2.3
Armour         | 3 4 5 6 |  6.5
Invocations    | 1 3 4 6 |  6.2

Action                   |  1- 3 |  4- 6 |  7- 9 | 10-12 || total
-------------------------+-------+-------+-------+-------++-------
Melee: Long sword        |    77 |   135 |   390 |   245 ||   847
       Bite              |    17 |    55 |   181 |   134 ||   387
Invok: Recite            |       |       |       |    12 ||    12
       Vitalisation      |       |       |       |     6 ||     6
Evoke: Wand              |       |     5 |       |       ||     5
  Use: Potion            |       |     1 |       |       ||     1
       Scroll            |       |       |     9 |       ||     9
 Stab: Invisible         |       |       |       |     2 ||     2
       Confused          |       |       |       |     1 ||     1
  Eat: Chunk             |     1 |     6 |    14 |    18 ||    39
       Ration            |       |       |     2 |       ||     2
Armor: Scale mail        |    26 |    29 |   101 |    48 ||   204
Dodge: Dodged            |    13 |    41 |   117 |    99 ||   270
Block: Shield            |    28 |    75 |   201 |   132 ||   436
       Rpst.: Long sword |     4 |     6 |    33 |    31 ||    74
